THUNDRA, lawful female human Knight ------------ ----------------#####u@##############...........| ###-..............|# |..........| # |..............|# ##...........| # #####..........>....|## ######### # |..........| ### # # |...........{..|# -.-.--- ### ------------ # ###### -.---------|----# #......| # # ######################## ###|.))...### ## ###### # # |.....| ----.-- # # # ### |..{..| |.....+ #### # # ------- |.....| # # ### |.....-### # # |.....| # ### |.....| -------|-- # ------- |...^.....## |<.......| |........| ---------- THUNDRA the Esquire Experience level: 3 Strength: 18/02 Dexterity: 8 Constitution: 12 Intelligence: 7 Wisdom: 16 Charisma: 17 Health: 0(24) Energy: 31(31) Def: 8 Gold: 297 Moves: 1825 Dungeon seed: H5Q5noT7nl8og7Tp Game ID: THUNDRA_1477762843 Your Inventory: Coins $ - 297 gold pieces Weapons a - a +1 long sword (weapon in hand) Armor n - a blessed +0 helmet (being worn) q - an uncursed +0 small shield (being worn) r - an uncursed +0 pair of leather gloves (being worn) z - a blessed +0 orcish helm N - a blessed +0 chain mail (being worn) Comestibles c - 8 uncursed apples d - 10 uncursed carrots Scrolls f - a cursed scroll of magic mapping j - an uncursed scroll of identify k - an uncursed scroll of magic mapping s - an uncursed scroll of confuse monster u - an uncursed scroll of destroy armor Potions g - an uncursed potion of healing Rings i - an uncursed ring of conflict named Conflict Tools h - an uncursed tin opener o - an uncursed blindfold Gems y - an uncursed worthless piece of yellow glass Spells and supernatural/magical abilities: Name Level Category Fail Memory W - pray for help -- divine ? -- X - turn undead -- divine ? -- Your skills at the end: Fighting Skills riding [Basic] wands [Basic] Weapon Skills long sword [Basic] lance [Basic] Spellcasting Skills Final Attributes: You were piously aligned. You had wounded legs. You could jump. You are dead. Vanquished creatures: a large kobold a hobgoblin a yellow mold a green mold 2 geckos 3 jackals a fox 2 kobolds a goblin 2 grid bugs 4 lichens 8 newts 27 creatures vanquished. Voluntary challenges: You used a wielded weapon 16 times, starting on turn 113. You were illiterate. You never genocided any monsters. You never polymorphed an object. You never changed form. You used no wishes. You never split a pudding. You never wrote Elbereth's name. You never violated your personal moral code. Dungeon overview: The Dungeons of Doom: levels 1 to 4 Level 1 a long staircase Level 2 a fountain, a sink stairs to The Gnomish Mines Level 3 some fountains Level 4 (vault) <- You were here some fountains The Gnomish Mines: Level 3 stairs to The Dungeons of Doom History has recorded: On T:1 you entered the Dungeons of Doom to retrieve the Amulet of Yendor! On T:440 you reached level 2 of The Dungeons of Doom. On T:594 you reached level 1 of The Gnomish Mines. On T:807 you reached level 3 of The Dungeons of Doom. On T:1028 you advanced to experience level 2. On T:1085 you reached level 4 of The Dungeons of Doom. On T:1341 you advanced to experience level 3. Score breakdown: Gold: 297 ( 8416 points) Experience: 3 levels ( 7878 points) Exploration: 4 levels ( 8.16%) ( 7500 points) Discoveries: 0 items ( 0.00%) ( 0 points) Valuables value: (no points given unless you survive) Artifact value: 0 ( 0 points) Variety of kills: 12 monsters ( 3.13%) ( 5310 points) Turncount: 1825 turns ( 0 points) Survival: died (score multiplied by 80%) Total score: 23283 Latest messages: Salutations THUNDRA, the human Knight, welcome back to NetHack! You named this level: vault. Be careful! New moon tonight. You are now wearing a ring called conflict named Conflict. You are thrown off of WITCHFINDER GENERAL! You take off your ring called conflict named Conflict. You slip while trying to get on WITCHFINDER GENERAL. You die... Final status: Fare thee well THUNDRA the Knight, slipped while mounting a saddled pony called WITCHFINDER GENERAL... You died in The Dungeons of Doom on dungeon level 4 with 23283 points, and 297 pieces of gold, after 1825 moves. You were level 3 with a maximum of 24 hit points when you died.